[Event "Titled Tuesday Blitz March 14 Early 2023"]
[White "Smith, Garrett L"]
[Black "Rosen, Eric"]
[WhiteFideId "2024829"]
[BlackFideId "2032562"]
[WhiteElo "2260"]
[BlackElo "2331"]
[Result "0-1"]
[Round "04"]
[TimeControl "180+2"]
[Date "2023.03.14"]
[WhiteClock "0:01:02"]
[BlackClock "0:00:26"]

1. e4 e5 2. Nf3 Nf6 3. d4 Nxe4 4. Bd3 Nc6 5. O-O d5 6. dxe5 Bg4 7. Bf4 Bc5 8. Bxe4 dxe4 9. Qxd8+ Rxd8 10. Nfd2 Bf5 11. Nc3 e3 12. Nde4 exf2+ 13. Nxf2 Bxc2 14. Kh1 O-O 15. Rac1 Bg6 16. Nfe4 Bb6 17. h3 Nd4 18. a4 Rfe8 19. b4 a5 20. bxa5 Bxa5 21. Nc5 Bxc3 22. Rxc3 Ne2 23. Rc4 Nxf4 24. Rfxf4 b6 25. Na6 Rxe5 26. a5 Rxa5 27. Nxc7 h5 28. Rb4 Rc8 29. Rfc4 Rc5 0-1


[Site "https://www.chess.com"]

[Event "Titled Tuesday Blitz March 14 Early 2023"]
[White "Botez, Alexandra"]
[Black "Shapiro, Viktor"]
[WhiteFideId "2603365"]
[BlackFideId "4175700"]
[WhiteElo "2059"]
[BlackElo "2152"]
[Result "1-0"]
[Round "04"]
[TimeControl "180+2"]
[Date "2023.03.14"]
[WhiteClock "0:00:28"]
[BlackClock "0:00:06"]

1. d4 Nf6 2. c4 e6 3. Nf3 c5 4. e3 Be7 5. Nc3 O-O 6. Be2 d6 7. O-O Nc6 8. a3 a6 9. Rb1 Rb8 10. b4 cxb4 11. axb4 d5 12. b5 Nb4 13. c5 a5 14. Ba3 b6 15. Ne5 bxc5 16. Bxb4 cxb4 17. Nc6 Qc7 18. Nxb8 bxc3 19. Nc6 Bd6 20. Qa4 Bxh2+ 21. Kh1 Bd6 22. b6 Qd7 23. Bb5 Ne4 24. Rbc1 Bb7 25. Nxa5 Qd8 26. g3 Qxb6 27. Nxb7 Qxb7 28. Bd3 Ra8 29. Qc2 Ba3 30. Bxe4 dxe4 31. Rb1 Bb2 32. Qxc3 Rb8 33. Qc2 h5 34. Kg2 h4 35. Rh1 hxg3 36. fxg3 Qb5 37. Qf2 f5 38. Rhd1 Qa4 39. Rd2 Rb3 40. Rdxb2 Rxb2 41. Rxb2 Qd1 42. Rb8+ Kh7 43. Rb2 Qc1 44. Qe2 Qc3 45. Qh5+ Kg8 46. Rb8+ 1-0


[Site "https://www.chess.com"]

[Event "Titled Tuesday Blitz March 14 Early 2023"]
[White "Ruge, Edison"]
[Black "Zarnicki, Pablo"]
[WhiteFideId "4401000"]
[BlackFideId "100137"]
[WhiteElo "2175"]
[BlackElo "2468"]
[Result "0-1"]
[Round "04"]
[TimeControl "180+2"]
[Date "2023.03.14"]
[WhiteClock "0:00:17"]
[BlackClock "0:00:19"]

1. e4 c5 2. Nf3 d6 3. d3 Nf6 4. Nbd2 g6 5. g3 Bg7 6. Bg2 O-O 7. h4 Nc6 8. h5 Bg4 9. h6 Bh8 10. c3 d5 11. Qe2 dxe4 12. dxe4 Ne5 13. O-O Qd3 14. Qxd3 Nxd3 15. Rd1 Rad8 16. Kf1 Rd7 17. Ke2 Rfd8 18. Ke3 b5 19. Bf1 c4 20. Be2 Nxe4 21. Nxe4 f5 22. Neg5 Bf6 23. Bxd3 Rxd3+ 24. Rxd3 Rxd3+ 25. Ke2 e5 26. Ke1 e4 27. Be3 Bxf3 28. Nxf3 exf3 29. Bxa7 b4 30. Rd1 bxc3 31. Rxd3 cxd3 32. bxc3 Bxc3+ 33. Kd1 Kf7 34. Be3 Ke6 35. a4 Kd5 36. Kc1 Kc4 37. Kd1 Kb3 38. Bd2 Bd4 39. Be3 Bxe3 40. fxe3 f2 41. Kd2 f1=Q 0-1


[Site "https://www.chess.com"]

[Event "Titled Tuesday Blitz March 14 Early 2023"]
[White "Manukyan, Sargis V."]
[Black "Sanchez, Robert"]
[WhiteFideId "13303465"]
[BlackFideId "2034360"]
[WhiteElo "2236"]
[BlackElo "2238"]
[Result "1-0"]
[Round "04"]
[TimeControl "180+2"]
[Date "2023.03.14"]
[WhiteClock "0:02:14"]
[BlackClock "0:01:47"]

1. d4 d5 2. Nc3 e6 3. Bf4 Nf6 4. e3 Bb4 5. Ne2 Ne4 6. f3 Nxc3 7. bxc3 Be7 8. g4 O-O 9. Ng3 b6 10. c4 Ba6 11. cxd5 Bxf1 12. Kxf1 Qxd5 13. Qd3 Qxf3+ 14. Kg1 Qxg4 15. Rf1 c5 16. h3 Qg6 17. Qe2 cxd4 18. exd4 Nc6 19. c3 Rac8 20. Kh2 Na5 21. Rf3 Rc4 22. Rg1 Rfc8 23. Ne4 Qf5 24. Be5 1-0


[Site "https://www.chess.com"]

[Event "Titled Tuesday Blitz March 14 Early 2023"]
[White "Sai Han Thiha"]
[Black "Clawitter, Craig"]
[WhiteFideId "13012290"]
[BlackFideId "2023105"]
[WhiteElo "1954"]
[BlackElo "2237"]
[Result "1-0"]
[Round "04"]
[TimeControl "180+2"]
[Date "2023.03.14"]
[WhiteClock "0:00:17"]
[BlackClock "0:00:02"]

1. d4 e6 2. c4 Nf6 3. Nf3 d5 4. Nc3 c6 5. e3 Nbd7 6. Qc2 Bd6 7. b3 b6 8. Bb2 Bb7 9. Be2 O-O 10. O-O e5 11. cxd5 cxd5 12. Nb5 Rc8 13. Qd1 Bb8 14. dxe5 Ng4 15. Nd6 Bxd6 16. exd6 Nc5 17. Qd4 Nf6 18. Qf4 Nce4 19. Be5 Nd7 20. Bd4 Ndc5 21. Qg4 Ne6 22. Be5 f5 23. Qh3 Nxd6 24. Rac1 Qd7 25. Nd4 Nf7 26. Nxe6 Qxe6 27. Bd4 Ng5 28. Qg3 Qg6 29. h4 Ne4 30. Qxg6 hxg6 31. g3 Rxc1 32. Rxc1 Rc8 33. Rxc8+ Bxc8 34. Kg2 Kf7 35. f3 Nd6 36. Bd3 Ke6 37. Bxg7 Bd7 38. Bd4 Bb5 39. Bc2 Bc6 40. a4 Nb5 41. axb5 Bxb5 42. g4 1-0


[Site "https://www.chess.com"]

[Event "Titled Tuesday Blitz March 14 Early 2023"]
[White "Horak, Martin"]
[Black "Kowalysko, Roman"]
[WhiteFideId "367095"]
[BlackFideId "30918510"]
[WhiteElo "2091"]
[BlackElo "2234"]
[Result "1-0"]
[Round "04"]
[TimeControl "180+2"]
[Date "2023.03.14"]
[WhiteClock "0:00:08"]
[BlackClock "0:00:10"]

1. d4 Nf6 2. Nf3 g6 3. c4 Bg7 4. e3 O-O 5. Be2 d6 6. Nc3 Bf5 7. O-O Nbd7 8. Nh4 Ne4 9. Nxe4 Bxe4 10. f3 Bf5 11. Nxf5 gxf5 12. f4 Nf6 13. Bf3 Ne4 14. Bd2 e6 15. Qc2 d5 16. cxd5 exd5 17. Bb4 Re8 18. Rac1 c6 19. a4 Qd7 20. Rfe1 Bf6 21. Ba3 Kh8 22. b4 a6 23. Qd3 Qe6 24. Rb1 Rg8 25. Bc1 Bh4 26. Re2 Rae8 27. b5 Qh6 28. bxa6 Bg3 29. h3 bxa6 30. Bd2 Qh4 31. Be1 Re6 32. Bxg3 Rxg3 33. Rb8+ Kg7 34. Qa3 c5 35. dxc5 Rxf3 36. c6 Rxe3 37. Qf8+ Kf6 38. Qh8+ Kg6 39. Rg8+ Kh6 40. Qg7+ Kh5 41. g4+ fxg4 42. hxg4+ Qxg4+ 43. Qxg4+ Kh6 44. Rh2+ 1-0


[Site "https://www.chess.com"]

[Event "Titled Tuesday Blitz March 14 Early 2023"]
[White "Shubenkova, Veronika"]
[Black "Rodriguez Santiago, Jaime"]
[WhiteFideId "44124040"]
[BlackFideId "3100898"]
[WhiteElo "2027"]
[BlackElo "2025"]
[Result "1-0"]
[Round "04"]
[TimeControl "180+2"]
[Date "2023.03.14"]
[WhiteClock "0:02:23"]
[BlackClock "0:01:38"]

1. e4 c6 2. d4 d5 3. Nc3 dxe4 4. Nxe4 Nf6 5. Nxf6+ exf6 6. Nf3 Bd6 7. c3 O-O 8. Be2 Re8 9. O-O Nd7 10. h3 Nf8 11. Be3 Be6 12. Qd2 Qd7 13. Rae1 Rad8 14. Bf4 Bxf4 15. Qxf4 b5 16. a3 a5 17. Bd3 Ng6 18. Bxg6 hxg6 19. Nd2 g5 20. Qg3 b4 21. axb4 axb4 22. Re3 c5 23. Nf3 g4 24. hxg4 Bxg4 25. Rxe8+ Rxe8 26. dxc5 bxc3 27. bxc3 Rc8 28. Nh2 Be2 29. Ra1 Rxc5 30. Qe3 Bb5 31. Qxc5 1-0


[Site "https://www.chess.com"]

[Event "Titled Tuesday Blitz March 14 Early 2023"]
[White "Ardila, Oscar Humberto"]
[Black "Rosenberg, Evan S"]
[WhiteFideId "4404742"]
[BlackFideId "2019299"]
[WhiteElo "1911"]
[BlackElo "2411"]
[Result "0-1"]
[Round "04"]
[TimeControl "180+2"]
[Date "2023.03.14"]
[WhiteClock "0:00:02"]
[BlackClock "0:00:04"]

1. d4 d5 2. Nf3 Bf5 3. e3 Nf6 4. Be2 h6 5. O-O e6 6. Nbd2 c6 7. c4 Nbd7 8. b3 Bd6 9. Bb2 Rc8 10. Ne5 O-O 11. Ndf3 Ne4 12. Rc1 Nxe5 13. dxe5 Bb8 14. cxd5 exd5 15. Qd4 Be6 16. b4 a6 17. Rfd1 Re8 18. Ne1 Qh4 19. g3 Qh3 20. Bf1 Qf5 21. f4 Qh5 22. Bg2 Qe2 23. Bxe4 dxe4 24. Rd2 Qh5 25. Qxe4 Ba7 26. Bd4 Bxd4 27. exd4 Rcd8 28. Qf3 Bg4 29. Qf2 Rd5 30. Nc2 Red8 31. a4 f6 32. b5 axb5 33. axb5 fxe5 34. fxe5 Rxb5 35. Ne3 Be6 36. Ng2 Rf8 37. Qe3 Rf3 38. Qe1 Qf7 39. Nf4 Rxf4 40. gxf4 Qxf4 41. Qf2 Qg4+ 42. Qg3 Qh5 43. Rf1 Bd5 44. Rdf2 Rb3 45. Rf8+ Kh7 46. R8f5 Rxg3+ 47. hxg3 Qh1+ 48. Kf2 Qg2+ 49. Ke3 Qxg3+ 50. Kd2 Qg2+ 51. R1f2 Qe4 52. Kc3 Qe3+ 53. Kb4 Qxd4+ 54. Ka5 Qc5+ 55. Ka4 b5+ 56. Ka5 b4+ 0-1


[Site "https://www.chess.com"]

[Event "Titled Tuesday Blitz March 14 Early 2023"]
[White "Quirke, Jeffrey"]
[Black "Barria Santos, Jose Guilherme"]
[WhiteFideId "2013029"]
[BlackFideId "1939300"]
[WhiteElo "2197"]
[BlackElo "2301"]
[Result "1-0"]
[Round "04"]
[TimeControl "180+2"]
[Date "2023.03.14"]
[WhiteClock "0:00:02"]
[BlackClock "0:00:11"]

1. e4 c5 2. Nc3 d6 3. f4 g6 4. Nf3 Bg7 5. Bb5+ Bd7 6. a4 Nc6 7. d3 e6 8. O-O Nge7 9. Qe1 O-O 10. Qh4 Nd4 11. Bxd7 Qxd7 12. Nxd4 cxd4 13. Ne2 Rac8 14. c3 dxc3 15. bxc3 Nc6 16. Be3 b6 17. Ra2 Na5 18. f5 exf5 19. exf5 Rfe8 20. Bd4 Bxd4+ 21. Qxd4 Nb3 22. Qh4 Qe7 23. f6 Qf8 24. Nf4 Na5 25. Nd5 Nc6 26. d4 Re6 27. Raf2 Rce8 28. Rf3 Re4 29. Qf2 Qh6 30. Rh3 Qg5 31. Rg3 Qh6 32. Qb2 Re2 33. Qb5 Na5 34. Ne7+ R2xe7 35. fxe7 Rxe7 36. Qa6 Kg7 37. Qc8 Nb7 38. Rgf3 Qd2 39. Qb8 Na5 40. Qxd6 Nc4 41. Qxe7 1-0


[Site "https://www.chess.com"]

[Event "Titled Tuesday Blitz March 14 Early 2023"]
[White "Burke, John F"]
[Black "Avazkhonov, Alikhon"]
[WhiteFideId "2052970"]
[BlackFideId "14208504"]
[WhiteElo "2191"]
[BlackElo "1739"]
[Result "0-1"]
[Round "04"]
[TimeControl "180+2"]
[Date "2023.03.14"]
[WhiteClock "0:00:40"]
[BlackClock "0:00:12"]

1. d4 Nf6 2. c4 e6 3. Nf3 Bb4+ 4. Nbd2 O-O 5. g3 b6 6. Bg2 Bb7 7. O-O d5 8. Ne5 Nbd7 9. Ndf3 dxc4 10. Nxc4 b5 11. Qb3 a5 12. Nce5 Nxe5 13. dxe5 Bd5 14. Qe3 Nd7 15. Rd1 Qe7 16. Qf4 a4 17. e4 Bb7 18. Be3 Rfd8 19. Rac1 a3 20. b3 c5 21. Bf1 Bc6 22. h4 h6 23. g4 Rac8 24. g5 h5 25. g6 f6 26. Bh3 fxe5 27. Nxe5 Rf8 28. Qg3 Nf6 29. Nxc6 Rxc6 30. f3 e5 31. Bg5 c4 32. bxc4 Rxc4 33. Rxc4 bxc4 34. Qf2 Bc5 35. Be3 Nxe4 36. Bxc5 Nxc5 37. Qe3 Nd3 38. Qe4 Qc5+ 39. Kg2 Qf2+ 40. Kh1 Qxf3+ 41. Qxf3 Rxf3 42. Be6+ Kf8 43. Bxc4 Nf2+ 44. Kg2 Nxd1 45. Kxf3 Ke7 46. Ke4 Kf6 47. Be2 Nc3+ 48. Kd3 Nxe2 49. Kxe2 Kxg6 50. Kf3 Kf5 51. Ke3 e4 52. Kd4 Kf4 53. Kc4 e3 54. Kb4 e2 55. Kxa3 e1=Q 56. Kb3 Qxh4 0-1


[Site "https://www.chess.com"]

[Event "Titled Tuesday Blitz March 14 Early 2023"]
[White "Aanan, Shafiuddin"]
[Black "Pourkashiyan, Atousa"]
[WhiteFideId "3242633"]
[BlackFideId "12502014"]
[WhiteElo "1648"]
[BlackElo "2228"]
[Result "0-1"]
[Round "04"]
[TimeControl "180+2"]
[Date "2023.03.14"]
[WhiteClock "0:00:01"]
[BlackClock "0:00:01"]

1. e4 c5 2. Nf3 e6 3. d3 a6 4. g3 Nc6 5. Bg2 g6 6. O-O Bg7 7. c3 Nge7 8. d4 cxd4 9. cxd4 d6 10. Nc3 O-O 11. a4 e5 12. d5 Nb4 13. a5 b6 14. axb6 Qxb6 15. Be3 Qb7 16. Nd2 f5 17. Nc4 f4 18. gxf4 exf4 19. Bd4 Bxd4 20. Qxd4 Nc2 21. Qd3 Nxa1 22. Rxa1 Qd7 23. f3 Qa7+ 24. Kh1 Rb8 25. Qd2 Qc5 26. Bf1 Bd7 27. Na4 Bxa4 28. Rxa4 Rb3 29. Be2 Ra8 30. Qc2 Rb4 31. Ra5 Qf2 32. Nxd6 Rab8 33. Nc4 Rb3 34. d6 Nc6 35. Rd5 Nb4 36. Qd2 Rd8 37. Rd4 Nc6 38. Rd5 Rb5 39. e5 Kf8 40. e6 Rxd5 41. e7+ Ke8 42. Qxd5 Qe1+ 0-1


[Site "https://www.chess.com"]

[Event "Titled Tuesday Blitz March 14 Early 2023"]
[White "Bennett, Patrick"]
[Black "Sailer, Mike"]
[WhiteFideId "1801228"]
[BlackFideId "2012901"]
[WhiteElo "2362"]
[BlackElo "2109"]
[Result "1-0"]
[Round "04"]
[TimeControl "180+2"]
[Date "2023.03.14"]
[WhiteClock "0:01:39"]
[BlackClock "0:00:02"]

1. d4 d5 2. c4 Bf5 3. Nc3 e6 4. Nf3 Nc6 5. Bf4 Nf6 6. e3 Bb4 7. Bd3 Bxd3 8. Qxd3 Ne4 9. O-O O-O 10. Nxe4 dxe4 11. Qxe4 Bd6 12. Ng5 g6 13. Bxd6 cxd6 14. Qh4 h5 15. g4 Kg7 16. gxh5 Rh8 17. Qf4 Qe7 18. hxg6 fxg6 19. d5 exd5 20. cxd5 Ne5 21. Ne6+ Kh7 22. Rac1 Rhc8 23. Ng5+ Kg8 24. Ne6 Kh7 25. Qg3 Qf6 26. f4 Nd3 27. Rxc8 Rxc8 28. f5 g5 29. Nxg5+ Qxg5 30. Qxg5 Rg8 31. Qxg8+ 1-0


[Site "https://www.chess.com"]

[Event "Titled Tuesday Blitz March 14 Early 2023"]
[White "Comas Fabrego, Lluis"]
[Black "Fathy, Elameir"]
[WhiteFideId "2200325"]
[BlackFideId "10600396"]
[WhiteElo "2523"]
[BlackElo "2311"]
[Result "1/2-1/2"]
[Round "04"]
[TimeControl "180+2"]
[Date "2023.03.14"]
[WhiteClock "0:00:26"]
[BlackClock "0:00:07"]

1. Nf3 d5 2. d4 Nf6 3. c4 c6 4. cxd5 cxd5 5. Nc3 Nc6 6. Bf4 a6 7. e3 Bg4 8. Be2 e6 9. O-O Bd6 10. Bxd6 Qxd6 11. Ne1 Bxe2 12. Qxe2 O-O 13. Nd3 Rfc8 14. Rfc1 Rc7 15. Rc2 Rac8 16. Rac1 b6 17. h3 h6 18. Na4 Nd7 19. Qd2 Na5 20. b3 Nb7 21. Rxc7 Rxc7 22. Rxc7 Qxc7 23. Qc3 Qxc3 24. Nxc3 Kf8 25. f4 Ke7 26. Kf2 f6 27. g4 Kd6 28. Kf3 e5 29. dxe5+ fxe5 30. e4 d4 31. Ne2 Nbc5 32. Nec1 g5 33. f5 Nf6 34. Nxc5 bxc5 35. Nd3 Nd7 36. Nb2 Nb6 37. Nc4+ Nxc4 38. bxc4 a5 39. a4 1/2-1/2


[Site "https://www.chess.com"]

[Event "Titled Tuesday Blitz March 14 Early 2023"]
[White "Prudnykova, Olga"]
[Black "ritanovikova"]
[WhiteFideId "14121093"]
[WhiteElo "2113"]
[BlackElo "2117"]
[Result "0-1"]
[Round "04"]
[TimeControl "180+2"]
[Date "2023.03.14"]
[WhiteClock "0:01:04"]
[BlackClock "0:01:12"]

1. e4 d5 2. exd5 Qxd5 3. Nc3 Qd6 4. d4 a6 5. Nf3 Nf6 6. Be2 Bg4 7. O-O e6 8. h3 Bh5 9. Bg5 Nbd7 10. Qd2 h6 11. Bh4 Qb6 12. Ne5 Bxe2 13. Qxe2 Qxd4 14. Nxd7 Qxd7 15. Bxf6 gxf6 16. Rad1 Bd6 17. Ne4 Qe7 18. c4 f5 19. Nc3 O-O-O 20. a3 Rhg8 21. b4 Qg5 22. g3 Bxg3 23. Rxd8+ Kxd8 0-1


[Site "https://www.chess.com"]

[Event "Titled Tuesday Blitz March 14 Early 2023"]
[White "Jimenez, Joaquin"]
[Black "Necula, Iulian"]
[WhiteFideId "109860"]
[BlackFideId "1232380"]
[WhiteElo "2163"]
[BlackElo "1790"]
[Result "0-1"]
[Round "04"]
[TimeControl "180+2"]
[Date "2023.03.14"]
[WhiteClock "0:02:14"]
[BlackClock "0:01:25"]

1. e4 d6 2. d4 Nf6 3. Nc3 e5 4. Nf3 Nbd7 5. Bc4 Be7 6. O-O O-O 7. Re1 h6 8. h3 c6 9. a4 a5 10. Bf1 Qc7 11. b3 b6 12. Ba3 Bb7 13. dxe5 Nxe5 14. Nxe5 dxe5 15. Bxe7 Qxe7 16. Bc4 Rad8 17. Qf3 Rd2 18. Bd3 c5 19. Qe3 Rxd3 20. Qxd3 Rd8 21. Qb5 Rd2 22. Rac1 Qd6 23. Rcd1 Qd4 24. Qxb6 0-1


[Site "https://www.chess.com"]

[Event "Titled Tuesday Blitz March 14 Early 2023"]
[White "Allam, Yara"]
[Black "Seresin, Francesco"]
[WhiteFideId "10615709"]
[BlackFideId "886335"]
[WhiteElo "1758"]
[BlackElo "2219"]
[Result "0-1"]
[Round "04"]
[TimeControl "180+2"]
[Date "2023.03.14"]
[WhiteClock "0:00:01"]
[BlackClock "0:00:16"]

1. e4 e5 2. Nf3 Nc6 3. Bc4 Bc5 4. c3 Nf6 5. d3 d6 6. Nbd2 h6 7. h3 O-O 8. O-O a5 9. Bb3 Be6 10. Bc2 Ba7 11. Re1 Ne7 12. Nf1 Ng6 13. Ng3 c6 14. d4 Qc7 15. Be3 Rfe8 16. Qd2 b5 17. a3 Kh7 18. Qc1 Rad8 19. Nf5 Bxf5 20. exf5 Nf8 21. dxe5 dxe5 22. Bxa7 Qxa7 23. Nxe5 Qc7 24. Nf3 N8d7 25. Rxe8 Rxe8 26. Qd2 Ne5 27. Nxe5 Qxe5 28. Rd1 Qe2 29. Bd3 Qe5 30. Bf1 Nd5 31. Qc2 f6 32. c4 Nb6 33. cxb5 cxb5 34. Qc6 Na4 35. Qxb5 Nxb2 36. Qxe5 Rxe5 37. Rb1 Na4 38. Rb7 h5 39. Bc4 Nc5 40. Rb5 Re1+ 41. Kh2 Ne4 42. f3 Nd2 43. Bf7 h4 44. Bg6+ Kh6 45. Rb8 Nf1+ 46. Kg1 Ng3+ 47. Kf2 Re2+ 48. Kg1 Kg5 49. Rh8 Re1+ 50. Kf2 Re2+ 51. Kg1 Ra2 52. f4+ Kxf4 53. Rxh4+ Ke3 54. Kh2 Nf1+ 55. Kg1 Nd2 56. Ra4 Ne4 57. g4 Kf3 0-1


[Site "https://www.chess.com"]

[Event "Titled Tuesday Blitz March 14 Early 2023"]
[White "Fajdetic, Hrvoje"]
[Black "Zhurova, Anna"]
[WhiteFideId "14501945"]
[BlackFideId "54113075"]
[WhiteElo "2185"]
[BlackElo "2031"]
[Result "1-0"]
[Round "04"]
[TimeControl "180+2"]
[Date "2023.03.14"]
[WhiteClock "0:00:48"]
[BlackClock "0:00:07"]

1. f4 d5 2. Nf3 c5 3. e3 Nc6 4. Bb5 Bd7 5. Bxc6 Bxc6 6. b3 Nf6 7. Bb2 e6 8. O-O Be7 9. d3 O-O 10. Nbd2 b5 11. Ne5 Rc8 12. a4 bxa4 13. Nxc6 Rxc6 14. Rxa4 Qb6 15. Qa1 c4 16. Bd4 Bc5 17. dxc4 dxc4 18. Nxc4 Qb8 19. Bxc5 Rxc5 20. Rxa7 Rd8 21. Qa3 Rc7 22. Ra1 Qc8 23. Rxc7 Qxc7 24. Qa5 Qd7 25. Ne5 Qd6 26. Qa7 Rf8 27. Qd4 Qc7 28. c4 Rd8 29. Qc3 Nd5 30. Qa5 Qxa5 31. Rxa5 Nxe3 32. Nc6 Re8 33. Kf2 Nc2 34. Ra2 1-0


[Site "https://www.chess.com"]

[Event "Titled Tuesday Blitz March 14 Early 2023"]
[White "Nakamura, Hikaru"]
[Black "Lenderman, Aleksandr"]
[WhiteFideId "2016192"]
[BlackFideId "2021285"]
[WhiteElo "2879"]
[BlackElo "2607"]
[Result "1-0"]
[Round "05"]
[TimeControl "180+2"]
[Date "2023.03.14"]
[WhiteClock "0:00:14"]
[BlackClock "0:00:04"]

1. Nf3 d5 2. b3 Nf6 3. Bb2 e6 4. e3 Be7 5. c4 O-O 6. d4 c5 7. dxc5 Bxc5 8. Nbd2 Nc6 9. cxd5 exd5 10. Bb5 Bd6 11. O-O Qe7 12. Rc1 Bd7 13. Nd4 Rac8 14. Be2 Rfd8 15. Nb5 Bb8 16. Ba3 Nb4 17. Nf3 a5 18. Nfd4 Ne4 19. Bb2 Nxa2 20. Rxc8 Rxc8 21. Qa1 Nb4 22. Qxa5 Nc6 23. Qa1 Qh4 24. f4 Qe7 25. Re1 Nxd4 26. Bxd4 f6 27. Rc1 Rc6 28. Nc3 Nxc3 29. Rxc3 Rxc3 30. Qxc3 Bc6 31. Kf2 Bd6 32. Bf3 Bb4 33. Qd3 Qe6 34. g4 Bd6 35. h4 h6 36. h5 Bf8 37. Qc3 Qd7 38. Qc2 Qe6 39. Qd3 Qd7 40. Bc3 Qe6 41. b4 Qd7 42. b5 Bxb5 43. Qxd5+ Qxd5 44. Bxd5+ Kh8 45. Bxb7 Bd7 46. Bf3 Be6 47. Bd4 Kg8 48. e4 Kf7 49. Be2 Bd6 50. Be3 Bb4 51. Kf3 Bd6 52. Bd3 Bb4 53. Bc2 Bd6 54. Ba4 Bb4 55. Bc6 Bd6 56. Bd5 Ke7 57. Bxe6 Kxe6 58. Ke2 Bc7 59. Kd3 Bd6 60. Kd4 Bc7 61. f5+ Kd7 62. Kd5 Bd6 63. Bd4 Bf8 64. e5 fxe5 65. Bxe5 Ke7 66. Bd6+ Kf7 67. Bxf8 Kxf8 68. Ke6 Kg8 69. f6 gxf6 70. Kxf6 Kh7 71. Kf7 Kh8 72. Kg6 1-0


[Site "https://www.chess.com"]

[Event "Titled Tuesday Blitz March 14 Early 2023"]
[White "Nguyen, Ngoc Truong Son"]
[Black "Erigaisi Arjun"]
[WhiteFideId "12401110"]
[BlackFideId "35009192"]
[WhiteElo "2571"]
[BlackElo "2737"]
[Result "0-1"]
[Round "05"]
[TimeControl "180+2"]
[Date "2023.03.14"]
[WhiteClock "0:00:03"]
[BlackClock "0:00:04"]

1. d4 Nf6 2. c4 e6 3. Nc3 d5 4. Nf3 a6 5. cxd5 exd5 6. Bf4 Bd6 7. Bg3 O-O 8. e3 Bf5 9. Qb3 Nc6 10. Rc1 Re8 11. Be2 Na5 12. Qa4 Bxg3 13. hxg3 c6 14. O-O Bg4 15. Qb4 Bxf3 16. gxf3 b5 17. b3 Nb7 18. Nd1 a5 19. Qd2 Rc8 20. Nb2 Qd6 21. Kg2 h5 22. Rh1 g6 23. Nd3 Nd7 24. Rc2 Kg7 25. Qc1 b4 26. f4 Qe6 27. f5 Qe4+ 28. Kg1 Qxf5 29. Rxc6 Nd6 30. Rh4 Nf6 31. Rf4 Rxc6 32. Qxc6 Qd7 33. Qa6 g5 34. Rxf6 Kxf6 35. Nc5 Qe7 36. Qxa5 Ne4 37. Qxb4 Nxf2 38. Bb5 Qxe3 39. Nd7+ Kg7 0-1


[Site "https://www.chess.com"]

[Event "Titled Tuesday Blitz March 14 Early 2023"]
[White "Eljanov, Pavel"]
[Black "Matlakov, Maxim"]
[WhiteFideId "14102951"]
[BlackFideId "4168003"]
[WhiteElo "2598"]
[BlackElo "2666"]
[Result "0-1"]
[Round "05"]
[TimeControl "180+2"]
[Date "2023.03.14"]
[WhiteClock "0:00:20"]
[BlackClock "0:00:02"]

1. e4 e5 2. Nf3 Nc6 3. Nc3 Nf6 4. d4 exd4 5. Nxd4 Bb4 6. Nxc6 bxc6 7. Bd3 d5 8. exd5 O-O 9. O-O cxd5 10. h3 c6 11. Qf3 Re8 12. Bf4 Nd7 13. a3 Bf8 14. Rfe1 Nc5 15. Bf1 Ne6 16. Be5 Bb7 17. Rad1 Qg5 18. Qg3 Qh6 19. Ne2 c5 20. Nf4 Nxf4 21. Bxf4 Qb6 22. b3 a5 23. a4 Qb4 24. Bd2 Rxe1 25. Bxe1 Qb6 26. Bb5 d4 27. Bd2 Be4 28. Bd3 Bd6 29. Bf4 Bxf4 30. Qxf4 Bxd3 31. Rxd3 Re8 32. Rg3 g6 33. Rg5 Qb4 34. h4 Qc3 35. h5 Qxc2 36. h6 Qb1+ 37. Kh2 Qe4 38. Qxe4 Rxe4 39. Rxc5 Rh4+ 40. Kg3 Rxh6 41. Rxa5 Rh1 42. Kf3 Rb1 43. Rb5 h5 44. Ke4 Rb2 45. a5 Rxf2 46. a6 Ra2 47. Rb6 h4 48. b4 g5 49. b5 g4 50. Rh6 h3 51. gxh3 g3 52. Rh4 Kf8 53. Rg4 g2 54. Kxd4 Ra4+ 0-1


[Site "https://www.chess.com"]

[Event "Titled Tuesday Blitz March 14 Early 2023"]
[White "Sarana, Alexey"]
[Black "Xu, Xiangyu"]
[WhiteFideId "24133795"]
[BlackFideId "8608288"]
[WhiteElo "2714"]
[BlackElo "2477"]
[Result "1/2-1/2"]
[Round "05"]
[TimeControl "180+2"]
[Date "2023.03.14"]
[WhiteClock "0:00:06"]
[BlackClock "0:00:06"]

1. c4 e6 2. d4 Nf6 3. Nc3 Bb4 4. e3 O-O 5. Bd3 d5 6. a3 Bxc3+ 7. bxc3 dxc4 8. Bxc4 c5 9. Bd3 Qc7 10. Bb2 b6 11. e4 cxd4 12. cxd4 Ba6 13. Ne2 Bxd3 14. Qxd3 Qb7 15. d5 Nbd7 16. dxe6 Nc5 17. Qe3 Qxe4 18. Bxf6 Qxe3 19. fxe3 gxf6 20. exf7+ Rxf7 21. Nf4 Re8 22. Kf2 Ne4+ 23. Ke2 Rd7 24. Rhc1 Rd2+ 25. Kf3 f5 26. Nh3 Nf6 27. Rd1 Rb2 28. Rdb1 Rxb1 29. Rxb1 Ng4 30. Rb3 Re4 31. Rc3 Nxh2+ 32. Ke2 Ng4 33. Ng5 Re7 34. Kf3 h6 35. Nh3 Kg7 36. Nf4 Rd7 37. a4 Rd2 38. Rc7+ Kf6 39. Rc6+ Ke7 40. Rc7+ Kd6 41. Rxa7 Rf2+ 42. Kg3 Rb2 43. e4 Rb3+ 44. Kh4 Rb4 45. Ra6 Rxe4 46. Rxb6+ Kd7 47. g3 Rxa4 48. Rb5 Ra1 49. Kh5 Rh1+ 50. Kg6 Rg1 51. Rb3 Ne5+ 52. Kxf5 Nc4 53. Kf6 Nd6 54. Rd3 Rxg3 55. Rd4 Kc6 56. Ra4 Rg4 57. Ra6+ Kb7 58. Rxd6 Rxf4+ 59. Ke5 Rc4 60. Rxh6 Rc6 61. Rxc6 Kxc6 1/2-1/2


[Site "https://www.chess.com"]

[Event "Titled Tuesday Blitz March 14 Early 2023"]
[White "Lazavik, Denis"]
[Black "So, Wesley"]
[WhiteFideId "13515110"]
[BlackFideId "5202213"]
[WhiteElo "2560"]
[BlackElo "2739"]
[Result "1/2-1/2"]
[Round "05"]
[TimeControl "180+2"]
[Date "2023.03.14"]
[WhiteClock "0:00:04"]
[BlackClock "0:00:10"]

1. d4 Nf6 2. c4 c6 3. Nf3 d5 4. Qc2 e6 5. e3 b6 6. Nbd2 Bb7 7. Bd3 c5 8. cxd5 exd5 9. dxc5 bxc5 10. b3 Nc6 11. Bb2 Be7 12. O-O Rc8 13. Rac1 Nb4 14. Bb5+ Bc6 15. Bxc6+ Rxc6 16. Qb1 O-O 17. a3 Na6 18. Nd4 Rb6 19. Nf5 Re8 20. Nxe7+ Qxe7 21. Qc2 Ne4 22. Nxe4 Qxe4 23. Qxe4 dxe4 24. b4 cxb4 25. Bd4 Rb7 26. Rc6 Nb8 27. Rc4 bxa3 28. Ra1 a2 29. Rcc1 Rb1 30. Rcxb1 axb1=Q+ 31. Rxb1 Nc6 32. Bc3 Rb8 33. Ra1 a5 34. g4 Rb5 35. Ra4 Rc5 36. Bb2 Nb4 37. Ba3 Rb5 38. Bxb4 Rxb4 39. Rxa5 f6 40. Kg2 g5 41. h4 h6 42. h5 Rb7 43. Ra6 Kf7 44. Ra4 Re7 45. Kg3 Kg7 46. Ra5 Kf7 47. Rd5 Re5 48. Rd7+ Re7 49. Rd4 Re5 50. Rd7+ Re7 51. Rd4 Re5 52. Rd7+ 1/2-1/2


[Site "https://www.chess.com"]

[Event "Titled Tuesday Blitz March 14 Early 2023"]
[White "Wei, Yi"]
[Black "Vokhidov, Shamsiddin"]
[WhiteFideId "8603405"]
[BlackFideId "14204223"]
[WhiteElo "2686"]
[BlackElo "2570"]
[Result "1-0"]
[Round "05"]
[TimeControl "180+2"]
[Date "2023.03.14"]
[WhiteClock "0:00:04"]
[BlackClock "0:00:11"]

1. b3 d5 2. Bb2 Nf6 3. e3 Bg4 4. Ne2 e6 5. h3 Bh5 6. g4 Bg6 7. Nf4 Bd6 8. Nxg6 hxg6 9. Bg2 Nbd7 10. c4 c6 11. Nc3 Qe7 12. a3 a5 13. Qc2 O-O 14. g5 Nh5 15. h4 Rac8 16. Qd1 Nc5 17. d4 Nd7 18. Qe2 Rfe8 19. Kf1 e5 20. dxe5 Bxe5 21. cxd5 Bxc3 22. Bxc3 Nf4 23. Qf3 Nxd5 24. Bd4 Nc5 25. Rb1 Ne4 26. Qxe4 Qxe4 27. Bxe4 Rxe4 28. Kg2 f6 29. gxf6 gxf6 30. b4 a4 31. Rbc1 Kf7 32. b5 Ne7 33. bxc6 Nxc6 34. Bc5 Rh8 35. Kg3 Ne5 36. f3 Rc4 37. Rxc4 Nxc4 38. Rb1 b6 39. Rb4 Nxa3 40. Rxb6 Nc4 41. Rb7+ Ke6 42. e4 Ra8 43. Re7# 1-0


[Site "https://www.chess.com"]